 Dungeon Sprint DCSS version 0.30-a0-883-g5ad918d77d (webtiles) character file.

Game seed: 14612589159440383927

5836 rocky1 the Gelid (level 10, -11/86 HPs)
             Began as a Merfolk Ice Elementalist on Mar 16, 2023.
             Was an Initiate of Gozag.
             Mangled by a skeletal warrior
             ... wielding a +0 long sword
              (20 damage)
             ... in the Dungeon (Sprint III: "The Ten Rune Challenge").
             The game lasted 00:16:57 (4008 turns).

rocky1 the Gelid (Merfolk Ice Elementalist)         Turns: 4008, Time: 00:16:58

Health: -11/86     AC:  4    Str:  8    XL:     10   Next: 80%
Magic:  27/27      EV: 18    Int: 19    God:    Gozag
Gold:   109        SH:  0    Dex: 15    Spells: 24/35 levels left

rFire   . . .      SeeInvis .    c - +0 great sword (freeze)
rCold   . . .      Faith    .    (shield currently unavailable)
rNeg    . . .      Spirit   .    r - +0 leather armour {Will+}
rPois   .          Reflect  .    (no helmet)
rElec   .          Rampage  +    (no cloak)
rCorr   .          NoTele   +    (no gloves)
Will    +....                    d - +0 pair of boots {rampage}
Stlth   ++                       (no amulet)
HPRegen 0.34/turn                (no ring)
MPRegen 0.20/turn                (no ring)

@: mighty, brilliant, lethally poisoned (-11 -> -32), hasted and slowed
A: (nimble swimmer 2), mertail
a: Renounce Religion, Potion Petition, Call Merchant, Bribe Branch


You were in the Dungeon.
You worshipped Gozag.
Gozag was aware of your devotion.
You visited 1 branch You collected 1981 gold pieces.
You spent 535 gold pieces at shops.
You paid 1337 gold pieces to Gozag.

Inventory:

Hand Weapons
 c - a +0 great sword of freezing (weapon)
 h - a +0 long sword of holy wrath
 k - a +0 dagger
Missiles
 i - a throwing net (quivered)
 s - 7 curare-tipped darts
Armour
 a - a +0 robe
 d - a +0 pair of boots of rampaging (worn)
 r - a +0 leather armour of willpower (worn)
Scrolls
 m - a scroll of torment
 n - a scroll of identify
 p - 2 scrolls of poison
Potions
 b - 3 potions of magic
 f - a potion of berserk rage
 j - 4 potions of flight
 l - 5 potions of mutation
 o - a potion of might
Miscellaneous
 g - a box of beasts


   Skills:
 + Level 10.8 Fighting
 * Level 9.7 Long Blades
 + Level 2.5 Armour
 + Level 13.2 Dodging
 - Level 2.3 Stealth
 * Level 13.1 Spellcasting
 - Level 15.0 Ice Magic


You had 24 spell levels left.
You knew the following spells:

 Your Spells              Type           Power      Damage    Failure   Level
a - Freeze                Ice            100%       1d10      0%          1
b - Frozen Ramparts       Ice            100%       1d16      1%          3
c - Ozocubu's Armour      Ice            81%        N/A       1%          3
d - Summon Ice Beast      Ice/Summ       57%        N/A       3%          4

Your spell library contained the following spells:

 Spells                   Type           Power      Damage    Failure   Level
 Dazzling Flash           Conj/Hex       36%        N/A       22%         3
 Agony                    Necr           18%        N/A       91%         5
 Silence                  Hex/Air        9%         N/A       91%         5


Dungeon Overview and Level Annotations

Branches:
Dungeon (1/1)

Altars:
Cheibriados
Dithmenos
Elyvilon
Fedhas
Gozag
Hepliaklqana
Kikubaaqudgha
Makhleb
Nemelex Xobeh
Okawaru
Qazlal
Ru
Sif Muna
Trog
Uskayaw
Vehumet
Wu Jian
Xom
Yredelemnul
Zin
The Shining One
Jiyva
Lugonu

Shops:
D *


Innate Abilities, Weirdness & Mutations

((You are very nimble when in or above water. (Stealth+, EV+, Speed+++)))
Your lower body shifts to a powerful aquatic tail in water.


Message History

You are more poisoned.
You feel extremely sick.
You close the door.
You are engulfed in dark miasma.
You are more poisoned.
You feel extremely sick.
Okay, then.
Okay, then. [a] - 896 gold - brilliance, magic, haste and resistance [b] - 300 gold - brilliance and magic [c] - 352 gold - heal wounds, curing and magic Purchase which effect?
You feel much better.
You feel better. Magic courses through your body.
You are engulfed in dark miasma.
You are poisoned.
You feel yourself slow down.
You feel very sick.
You are engulfed in dark miasma.
You are more poisoned.
You feel extremely sick.
A skeletal warrior opens the door.
You see here a +0 whip. [a] - 392 gold - resistance and might [b] - 414 gold - resistance and invisibility [c] - 299 gold - heal wounds, might and brilliance Purchase which effect?
You no longer have enough gold to petition Gozag for potion effects.
You feel much better.
You feel very mighty all of a sudden.
You feel clever all of a sudden.
You are engulfed in dark miasma.
You are more poisoned.
You feel as though you will be slow longer.
You feel extremely sick.
Okay, then.
You feel yourself speed up.
You feel extremely sick.
The skeletal warrior hits you with a +0 long sword!!
* * * LOW HITPOINT WARNING * * *
The skeletal warrior hits you with a +0 long sword!!
You die...
Your body crumbles into a pile of gold.

$$#...#.≈≈≈≈#
$$#...#.#≈≈≈#
#####.#c≈≈≈#
#....)# #§§≈§
#.....# c§≈§
#....P#+###≈§
#.....#☼§☼#c≈
#'#####...###
#○..@z'.○§'○#
#☼###########
#.#$ #.# #.#
$ $ #.# $ $
#.# $ $ #. $
$ $ $


You could see a skeletal warrior.

Vanquished Creatures
  Dowan (D)
  Erolcha (D)
  A deep elf pyromancer (D)
  2 cane toads (D)
  A komodo dragon (D)
  3 wandering mushrooms (D)
  2 orc high priests (D)
  A shadow (D)
  2 redbacks (D)
  A spatial vortex (D)
  4 two-headed ogres (D)
  A water elemental (D)
  A scorpion (D)
  A necrophage (D)
  A jelly (D)
  An orc priest (D)
  Jessica (D)
  A wizard (D)
  A necromancer (D)
  3 humans (D)
  A kobold demonologist (D)
  An endoplasm (D)
  2 rats (D)
34 creatures vanquished.

Vanquished Creatures (collateral kills)
  Duvessa (D)
  A two-headed ogre (D)
2 creatures vanquished.

Vanquished Creatures (others)
  An orc priest (D)
  5 plants (D)
6 creatures vanquished.

Grand Total: 42 creatures vanquished

Notes
Turn   | Place    | Note
-------+----------+-------------------------------------------
     0 | D        | rocky1 the Merfolk Ice Elementalist began the quest for the
                  | Orb.
     0 | D        | Reached XP level 1. HP: 13/13 MP: 3/3
    13 | D        | Reached skill level 5 in Ice Magic
    52 | D        | Noticed Jessica
    61 | D        | Killed Jessica
    62 | D        | Reached skill level 6 in Ice Magic
    62 | D        | Reached XP level 2. HP: 22/22 MP: 1/6
    62 | D        | Reached XP level 3. HP: 27/27 MP: 1/7
   148 | D        | Learned a level 3 spell: Frozen Ramparts
   152 | D        | Learned a level 3 spell: Ozocubu's Armour
   320 | D        | Noticed a scorpion
   324 | D        | Killed a scorpion
   325 | D        | Reached skill level 5 in Dodging
   325 | D        | Reached skill level 5 in Spellcasting
   325 | D        | Reached skill level 7 in Ice Magic
   325 | D        | Reached XP level 4. HP: 30/35 MP: 3/11
   511 | D        | Noticed a water elemental
   518 | D        | Killed a water elemental
   519 | D        | Reached skill level 8 in Ice Magic
   519 | D        | Reached XP level 5. HP: 39/42 MP: 2/13
   740 | D        | Found a glowing silver altar of Zin.
   740 | D        | Found a glowing golden altar of the Shining One.
   740 | D        | Found a white marble altar of Elyvilon.
   741 | D        | Noticed a deep elf pyromancer
   749 | D        | Killed a deep elf pyromancer
   750 | D        | Reached skill level 10 in Ice Magic
   750 | D        | Reached XP level 6. HP: 45/53 MP: 9/17
   750 | D        | Reached XP level 7. HP: 50/59 MP: 9/18
   857 | D        | Reached skill level 11 in Ice Magic
  1032 | D        | Noticed a shadow
  1044 | D        | Killed a shadow
  1291 | D        | Found a blossoming altar of Fedhas.
  1291 | D        | Found a stormy altar of Qazlal.
  1291 | D        | Found a snail-covered altar of Cheibriados.
  1291 | D        | Found a burning altar of Makhleb.
  1291 | D        | Found a shimmering altar of Xom.
  1291 | D        | Noticed a spatial vortex
  1292 | D        | Found a hazy altar of Hepliaklqana.
  1292 | D        | Found an opulent altar of Gozag.
  1292 | D        | Found a sparkling altar of Nemelex Xobeh.
  1292 | D        | Found a corrupted altar of Lugonu.
  1292 | D        | Found a viscous altar of Jiyva.
  1296 | D        | Became a worshipper of Gozag Ym Sagoz the Greedy
  1427 | D        | Killed a spatial vortex
  1428 | D        | Reached XP level 8. HP: 29/67 MP: 21/21
  1555 | D        | Found a radiant altar of Vehumet.
  1555 | D        | Found a shimmering blue altar of Sif Muna.
  1555 | D        | Found an ancient bone altar of Kikubaaqudgha.
  1656 | D        | Learned a level 4 spell: Summon Ice Beast
  1665 | D        | Found a hide-covered altar of Uskayaw.
  1665 | D        | Found an iron altar of Okawaru.
  1665 | D        | Found a bloodstained altar of Trog.
  1665 | D        | Found an ornate altar of the Wu Jian Council.
  1675 | D        | Reached skill level 12 in Ice Magic
  1676 | D        | Reached skill level 10 in Dodging
  1742 | D        | Found a basalt altar of Yredelemnul.
  1742 | D        | Found a shadowy altar of Dithmenos.
  1742 | D        | Found a sacrificial altar of Ru.
  1789 | D        | Reached skill level 10 in Spellcasting
  1891 | D        | Noticed a two-headed ogre
  1897 | D        | Killed a two-headed ogre
  1898 | D        | Reached skill level 5 in Long Blades
  1898 | D        | Reached skill level 13 in Ice Magic
  1898 | D        | Reached XP level 9. HP: 59/75 MP: 14/23
  1965 | D        | Noticed Erolcha
  1967 | D        | Noticed a two-headed ogre
  1973 | D        | Killed a two-headed ogre
  1975 | D        | Killed Erolcha
  2189 | D        | Bought a scroll labelled DETUHUITOTT for 31 gold pieces
  2189 | D        | Bought a pair of runed boots for 232 gold pieces
  2189 | D        | Bought a runed leather armour for 155 gold pieces
  2189 | D        | Bought a scroll of identify for 62 gold pieces
  2189 | D        | Bought 2 murky brown potions for 55 gold pieces
  2211 | D        | Reached skill level 14 in Ice Magic
  2588 | D        | Noticed a wandering mushroom
  2592 | D        | Noticed a wandering mushroom
  2599 | D        | Killed a wandering mushroom
  2601 | D        | Noticed a wandering mushroom
  2858 | D        | Killed a wandering mushroom
  2859 | D        | Reached XP level 10. HP: 71/84 MP: 22/25
  3011 | D        | Noticed a cane toad
  3011 | D        | Noticed a cane toad
  3016 | D        | Killed a cane toad
  3021 | D        | Killed a cane toad
  3022 | D        | Reached skill level 10 in Fighting
  3025 | D        | Reached skill level 15 in Ice Magic
  3341 | D        | Noticed Dowan
  3341 | D        | Noticed Duvessa
  3350 | D        | Killed Dowan
  3354 | D        | Killed Duvessa
  3569 | D        | Noticed a yaktaur captain
  3570 | D        | Noticed a yaktaur captain
  3588 | D        | Noticed an orange demon
  3702 | D        | Noticed a smoke demon
  4001 | D        | Noticed a skeletal warrior
  4008 | D        | Mangled by a skeletal warrior

Illustrated notes

Levels and vault maps discovered:
D:        dungeon_sprint_mu [sprint_mu_entry_cave, sprint_mu_temple_rooms,
          sprint_mu_d1_spiders, sprint_mu_d2_genie, sprint_mu_d3_branching,
          sprint_mu_orc_legion, sprint_mu_elf_gauntlet, sprint_mu_hive_nellie,
          sprint_mu_lair_fedhas, sprint_mu_vaults_butterflies,
          sprint_mu_slime_circle, sprint_mu_shoals_kraken,
          sprint_mu_snake_twists, sprint_mu_blade_basic, sprint_mu_crypt_lich,
          sprint_mu_tomb_spiral, sprint_mu_vestibule_basic,
          sprint_mu_gehenna_hellfire, sprint_mu_dis_giant,
          sprint_mu_tartarus_statrot, sprint_mu_cocytus_islands, sprint_mu_zot1]

Skill      XL: |  1  2  3  4  5  6  7  8  9 10 |
---------------+-------------------------------+-----
Ice Magic      | 6 7 8 10 11 13 14 15 | 15.0
Fighting       | 2 3 4 6 7 8 9 10 | 10.8
Dodging        | 4 5 6 8 9 10 12 13 | 13.2
Spellcasting   | 3 5 8 9 10 11 13 | 13.1
Long Blades    | 3 5 7 9 |  9.7
Armour         | 2 |  2.5
Stealth        | |  2.3

Action                     |  1- 3 |  4- 6 |  7- 9 | 10-12 || total
---------------------------+-------+-------+-------+-------++-------
  Melee: Unarmed           |     1 |       |       |       ||     1
         Dagger            |     1 |       |       |       ||     1
         Long sword        |       |       |    49 |     6 ||    55
         Punch             |       |       |     1 |     1 ||     2
         Tailslap          |       |       |     1 |     2 ||     3
         Great sword       |       |       |       |     7 ||     7
  Throw: Dart              |       |     3 |     7 |     4 ||    14
   Cast: Freeze            |    11 |     6 |    20 |    14 ||    51
         Frozen Ramparts   |     2 |     2 |    14 |     4 ||    22
         Ozocubu's Armour  |       |     1 |     3 |     1 ||     5
         Summon Ice Beast  |       |       |     1 |     3 ||     4
 Invoke: Call Merchant     |       |       |     1 |       ||     1
         Potion Petition   |       |       |       |     2 ||     2
  Evoke: Box of beasts     |       |       |       |     1 ||     1
    Use: Scroll            |       |       |     4 |       ||     4
         Potion            |       |       |     3 |     1 ||     4
   Stab: Sleeping          |     1 |       |       |       ||     1
 Armour: Robe              |     2 |     1 |     1 |       ||     4
         Leather armour    |       |       |     2 |     1 ||     3
  Dodge: Dodged            |     2 |     1 |    45 |    27 ||    75

Table legend: (Time is in decaauts)
 A = Elapsed time spent in this place.
 B = Non-inter-level travel time spent in this place.
 C = Inter-level travel time spent in this place.
 D = Time resting spent in this place.
 E = Time spent auto-exploring this place.
 F = Levels seen in this place.
 G = Mean time per level.
                   A        B        C        D        E       F      G
               +--------+--------+--------+--------+--------+-----+--------+
         Total |   4009 |   4009 |      0 |   3290 |     10 |   1 | 4009.0 |
       Dungeon |   4009 |   4009 |      0 |   3290 |     10 |   1 | 4009.0 |
               +--------+--------+--------+--------+--------+-----+--------+

Top non-repeatable levels by time:
       D: 4009 daAuts
